Workbook

Sheet Среднеср. фин.планирование
A1: наименование получателя бюджетных средств города | B1: код главы | C1: Общая оценка в баллах | D1: Наименование показателей оценки
D2: 1.Среднесрочное финансовое планирование
D3: 1.1. Доля бюджетных ассигнований, представленных в программном виде | G3: 1.2. Качество планирования расходов: количество изменений, внесенных в Решение о бюджете по инициативе ПБС
D4: оценка | E4: вес | F4: в баллах | G4: оценка | H4: вес | I4: в баллах
A5: Муниципальное казённое учреждение "Управление казной города Ростова-на-Дону" | B5: 914 | C5: =F5+I5 -> 99.6 | D5: 0.99 | E5: 55 | F5: 54.6 | G5: 1 | H5: 45 | I5: 45
A6: Управление торговли и бытового обслуживания города Ростова-на-Дону | B6: 914 | C6: =F6+I6 -> 99.9 | D6: 1 | E6: 55 | F6: 54.9 | G6: 1 | H6: 45 | I6: 45

Sheet Исполн. бюджета (расходы)
A1: наименование получателя бюджетных средств города | B1: код главы | C1: Общая оценка в баллах | D1: Наименование показателей оценки
D2: 2. Исполнение бюджета в части расходов
D3: 2.1. Удельный вес неисполненных ассигнований в общем объеме расходов ПБС, исполненых в отчетном финансовом году | G3: 2.2. Равномерность расходов в отчетном финансовом году | J3: 2.3. Исполнение утвержденных показателей кассового плана | M3: 2.4. Управление кредиторской задолженностью по расчетам с поставщиками и подрядчиками. | P3: 2.5. Объем просроченной кредиторской задолженности
D4: оценка | E4: вес | F4: в баллах | G4: оценка | H4: вес | I4: в баллах | J4: оценка | K4: вес | L4: в баллах | M4: оценка | N4: вес | O4: в баллах | P4: оценка | Q4: вес | R4: в баллах
A5: Муниципальное казённое учреждение "Управление казной города Ростова-на-Дону" | B5: 914 | C5: =F5+I5+L5+O5+R5 -> 92 | D5: 1 | E5: 20 | F5: =D5*E5 -> 20 | G5: 0.6 | H5: 20 | I5: =G5*H5 -> 12 | J5: 1 | K5: 20 | L5: =J5*K5 -> 20 | M5: 1 | N5: 20 | O5: =M5*N5 -> 20 | P5: 1 | Q5: 20 | R5: =P5*Q5 -> 20
A6: Управление торговли и бытового обслуживания города Ростова-на-Дону | B6: 914 | C6: =F6+I6+L6+O6+R6 -> 80 | D6: 0.5 | E6: 20 | F6: 10 | G6: 0.5 | H6: 20 | I6: =G6*H6 -> 10 | J6: 1 | K6: 20 | L6: =J6*K6 -> 20 | M6: 1 | N6: 20 | O6: =M6*N6 -> 20 | P6: 1 | Q6: 20 | R6: =P6*Q6 -> 20

Sheet Исполн. бюджета по доходам
A1: наименование получателя бюджетных средств города | B1: код главы | C1: Общая оценка в баллах | D1: Наименование показателей оценки
D2: 3. Исполнение бюджета по доходам
D3: 3.1. Отклонение от плана формирования налоговых и неналоговых доходов | G3: 3.2. Эффективность управления дебиторской задолженностью по расчетам с дебиторами по доходам
D4: оценка | E4: вес | F4: в баллах | G4: оценка | H4: вес | I4: в баллах
A5: Муниципальное казённое учреждение "Управление казной города Ростова-на-Дону" | B5: 914 | C5: =F5+I5 -> 100 | D5: 1 | E5: 50 | F5: =D5*E5 -> 50 | G5: 1 | H5: 50 | I5: =G5*H5 -> 50
A6: Управление торговли и бытового обслуживания города Ростова-на-Дону | B6: 914 | C6: =F6+I6 -> 100 | D6: 1 | E6: 50 | F6: =D6*E6 -> 50 | G6: 1 | H6: 50 | I6: =G6*H6 -> 50

Sheet Учет и отчетность
A1: наименование главного распорядителя бюджетных средств города | B1: код главы | C1: Общая оценка в баллах | D1: Наименование показателей оценки
D2: 4.Учет и отчетность
D3: 4.1.Соблюдение сроков предоставления ПБС бюджетной и бухгалтерской отчетности | G3: 4.2.Размещение информации на официальном Интернет-портале Администрации города Ростова-на-Дону (далее – на сайте) | J3: 4.3.Своевременность возврата в областной бюджет остатков целевых межбюджетных трансфертов, сложившихся на 1 января, из бюджета города | M3: 4.4. Обеспечение своевременного размещения на официальном сайте в сети Интернет www.bus.gov.ru актуальной информации о муниципальном учреждении
D4: оценка | E4: вес | F4: в баллах | G4: оценка | H4: вес | I4: в баллах | J4: оценка | K4: вес | L4: в баллах | M4: оценка | N4: вес | O4: в баллах
A5: Муниципальное казённое учреждение "Управление казной города Ростова-на-Дону" | B5: 914 | C5: =F5+O5 -> 100 | D5: 1 | E5: 50 | F5: =D5*E5 -> 50 | G5: - | H5: - | I5: - | J5: - | K5: - | L5: - | M5: 1 | N5: 50 | O5: =M5*N5 -> 50
A6: Управление торговли и бытового обслуживания города Ростова-на-Дону | B6: 914 | C6: =E6 -> 100 | D6: 1 | E6: 100 | F6: =D6*E6 -> 100 | G6: - | H6: - | I6: - | J6: - | K6: - | L6: - | M6: - | N6: - | O6: -

Sheet Контроль и аудит
A1: наименование получателя бюджетных средств города | B1: код главы | C1: Общая оценка в баллах | D1: Наименование показателей оценки
D2: 5. Контроль и аудит
D3: 5.1. Динамика выявленных органами внешнего государственного (муниципального) финансового контроля нарушений | G3: 5.2.Проведение инвентаризаций | J3: 5.3.Удельный вес суммы недостач и хищений денежных средств и материальных ценностей | M3: 5.4.Проведение мониторинга
D4: оценка | E4: вес | F4: в баллах | G4: оценка | H4: вес | I4: в баллах | J4: оценка | K4: вес | L4: в баллах | M4: оценка | N4: вес | O4: в баллах
A5: Муниципальное казённое учреждение "Управление казной города Ростова-на-Дону" | B5: 914 | C5: =F5+I5+L5+O5 -> 100 | D5: 1 | E5: 20 | F5: =D5*E5 -> 20 | G5: 1 | H5: 20 | I5: 20 | J5: 1 | K5: 40 | L5: =J5*K5 -> 40 | M5: 1 | N5: 20 | O5: =M5*N5 -> 20
A6: Управление торговли и бытового обслуживания города Ростова-на-Дону | B6: 914 | C6: =F6+I6+L6+O6 -> 100 | D6: 1 | E6: 20 | F6: =D6*E6 -> 20 | G6: 1 | H6: 20 | I6: =G6*H6 -> 20 | J6: 1 | K6: 40 | L6: =J6*K6 -> 40 | M6: 1 | N6: 20 | O6: =M6*N6 -> 20

Sheet исполнение судебных актов
A1: наименование получателя бюджетных средств города | B1: код главы | C1: Общая оценка в баллах | D1: Наименование показателей оценки
D2: 6. Исполнение судебных актов
D3: 6.1. Судебные иски о взыскании бюджетных средств с главного распорядителя бюджетных средств города или его должностных лиц | G3: 6.2. Иски о взыскании задолженности (в денежном выражении) | J3: 6.3. Судебные иски о взыскании бюджетных средств с муниципальных казенных учреждений, подведомственных главному распорядителю бюджетных средств города
D4: оценка | E4: вес | F4: в баллах | G4: оценка | H4: вес | I4: в баллах | J4: оценка | K4: вес | L4: в баллах
A5: Муниципальное казённое учреждение "Управление казной города Ростова-на-Дону" | B5: 914 | C5: =F5+I5+L5 -> 60 | D5: 1 | E5: 30 | F5: =D5*E5 -> 30 | G5: 1 | H5: 30 | I5: =G5*H5 -> 30 | J5: 0 | K5: 40 | L5: =J5*K5 -> 0
A6: Управление торговли и бытового обслуживания города Ростова-на-Дону | B6: 914 | C6: =F6+I6+L6 -> 60 | D6: 1 | E6: 30 | F6: =D6*E6 -> 30 | G6: 1 | H6: 30 | I6: =G6*H6 -> 30 | J6: 0 | K6: 40 | L6: =J6*K6 -> 0

Sheet Кадровый потенциал
A1: наименование получателя бюджетных средств города | B1: код главы | C1: Общая оценка в баллах | D1: Наименование показателей оценки
D2: 7.Кадровый потенциал финансового (финансово-экономического) подразделения
D3: 7.1.Квалификация сотрудников финансового (финансово-экономического) подразделения центрального аппарата ПБС | G3: 7.2.. Повышение квалификации сотрудников финансового (финансово-экономического) подразделения аппарата ПБС | J3: 7.3.Укомплектованность финансового (финансово-экономического) подразделения центрального аппарата ПБС
D4: оценка | E4: вес | F4: в баллах | G4: оценка | H4: вес | I4: в баллах | J4: оценка | K4: вес | L4: в баллах
A5: Муниципальное казённое учреждение "Управление казной города Ростова-на-Дону" | B5: 914 | C5: =F5+I5+L5 -> 55 | D5: 1 | E5: 40 | F5: =D5*E5 -> 40 | G5: 0 | H5: 30 | I5: =G5*H5 -> 0 | J5: 0.5 | K5: 30 | L5: =J5*K5 -> 15
A6: Управление торговли и бытового обслуживания города Ростова-на-Дону | B6: 914 | C6: =F6+I6+L6 -> 70 | D6: 1 | E6: 40 | F6: =D6*E6 -> 40 | G6: 0 | H6: 30 | I6: =G6*H6 -> 0 | J6: 1 | K6: 30 | L6: =J6*K6 -> 30

Sheet Результаты мониторинга
C2: Результаты мониторинга качества финансового менеджмента по получателям бюджетных средств муниципального казённого учреждения "Управление казной города Ростова-на-Дону", Управление торговли и бытового обслуживания города Ростова-на-Дону за 2023 год
C4: Наименование главного распорядителя бюджетных средств города | D4: код главы | E4: Степень качества финансового менеджмента | F4: Общая оценка в баллах | G4: Направления мониторинга качества финансового менеджмента главных распорядителей бюджетных средств
G5: 1. Среднесрочное финансовое планирвание | J5: 2. Исполнение бюджета в части расходов | M5: 3. Исполнение бюджета по доходам | P5: 4. Учет и отчетность | S5: 5. Контроль и аудит | V5: 6. Исполнение судебных актов | Y5: 7. Кадровый потенциал финансового (финансово-экономического) подразделения
G6: оценка | H6: вес | I6: итог | J6: оценка | K6: вес | L6: итог | M6: оценка | N6: вес | O6: итог | P6: оценка | Q6: вес | R6: итог | S6: оценка | T6: вес | U6: итог | V6: оценка | W6: вес | X6: итог | Y6: оценка | Z6: вес | AA6: итог
C7: Муниципальное казённое учреждение "Управление казной города Ростова-на-Дону" | D7: 914 | E7: II | F7: =I7+L7+O7+R7+U7+X7+AA7 -> 85.21 | G7: ='Среднеср. фин.планирование'!C5 -> 99.6 | H7: 0.1 | I7: =G7*H7 -> 9.96 | J7: ='Исполн. бюджета (расходы)'!C5 -> 92 | K7: 0.25 | L7: =J7*K7 -> 23 | M7: ='Исполн. бюджета по доходам'!C5 -> 100 | N7: 0.1 | O7: =M7*N7 -> 10 | P7: ='Учет и отчетность'!C5 -> 100 | Q7: 0.05 | R7: =P7*Q7 -> 5 | S7: ='Контроль и аудит'!C5 -> 100 | T7: 0.2 | U7: =S7*T7 -> 20 | V7: ='исполнение судебных актов'!C5 -> 60 | W7: 0.15 | X7: =V7*W7 -> 9 | Y7: ='Кадровый потенциал'!C5 -> 55 | Z7: 0.15 | AA7: =Y7*Z7 -> 8.25
C8: Управление торговли и бытового обслуживания города Ростова-на-Дону | D8: 914 | E8: II | F8: =I8+L8+R8+U8+X8+AA8+O8 -> 84.49 | G8: ='Среднеср. фин.планирование'!C6 -> 99.9 | H8: 0.1 | I8: =G8*H8 -> 9.99 | J8: ='Исполн. бюджета (расходы)'!C6 -> 80 | K8: 0.25 | L8: =J8*K8 -> 20 | M8: ='Исполн. бюджета по доходам'!C6 -> 100 | N8: 0.1 | O8: =M8*N8 -> 10 | P8: ='Учет и отчетность'!C6 -> 100 | Q8: 0.05 | R8: =P8*Q8 -> 5 | S8: ='Контроль и аудит'!C6 -> 100 | T8: 0.2 | U8: =S8*T8 -> 20 | V8: ='исполнение судебных актов'!C6 -> 60 | W8: 0.15 | X8: =V8*W8 -> 9 | Y8: ='Кадровый потенциал'!C6 -> 70 | Z8: 0.15 | AA8: =Y8*Z8 -> 10.5
